[Event "FIDE WCCC G10 2018"]
[Site "Santiago de Compostela"]
[Date "2018.11.13"]
[Round "9"]
[White "Zhou, Yafei"]
[Black "Edithso, Samantha"]
[Result "1-0"]
[ECO "D96"]
[WhiteElo "1648"]
[BlackElo "1879"]
[Annotator "NA RC"]
[PlyCount "77"]
[EventDate "2018.11.04"]
[EventType "swiss"]
[EventCountry "ESP"]
[SourceTitle "playchess.com"]
[Source "ChessBase"]
[SourceQuality "1"]
[TimeControl "40/5400+30:1800+30"]

1. d4 Nf6 2. Nf3 d5 3. c4 c6 4. Nc3 g6 5. e3 Bg7 6. Bd3 O-O 7. O-O dxc4 8. Bxc4 Nbd7 9. e4 {[%emt 0:05:45] D94: Grünfeld: 4 Nf3 Bg7 5 e3} (9. Bb3 Nb6 10. h3 Bf5 11. Nh4 Be4 12. Nxe4 Nxe4 13. Qc2 Nd6 14. Nf3 Rc8 15. Rd1 c5 16. dxc5 Nd7 {0-1 (36) Babula,V (2556)-Plat,V (2556) Prague 2018}) 9... Nb6 10. Bb3 Bg4 11. Be3 {[%emt 0:00:57] LiveBook: 9 Games} e6 12. h3 Bxf3 13. Qxf3 h6 $146 ({Predecessor:} 13... Ne8 14. Rad1 Qc7 15. d5 cxd5 16. exd5 Nxd5 17. Nxd5 exd5 {1-0 (58) Colle,E-Patay von Bay,G Merano 1924}) 14. Rfd1 Qe7 15. e5 ({White should try} 15. Rac1 $16) 15... Nfd5 16. Nxd5 cxd5 17. Qe2 Rfc8 18. Rac1 Qb4 19. Qd2 Qxd2 20. Bxd2 Rxc1 21. Rxc1 Rc8 22. Rxc8+ Nxc8 23. Kf1 Ne7 24. Ke2 f6 25. f4 Nf5 26. Kd3 fxe5 27. fxe5 g5 28. Be1 Bf8 29. Ba4 a6 {[%emt 0:01:07] [#]} (29... Kf7 $14) 30. Bd7 $1 Kf7 31. Bc8 b5 $2 (31... b6 32. Bxa6 Be7) 32. Bxa6 b4 33. g4 b3 34. axb3 Ne7 35. b4 Nc6 36. b5 Nb4+ 37. Kc3 Na2+ 38. Kc2 Ke8 39. Bc8 $18 1-0

[Event "FIDE WCCC G10 2018"]
[Site "Santiago de Compostela"]
[Date "2018.11.13"]
[Round "9"]
[White "Vlasova, Olesia"]
[Black "Wu, Abbie"]
[Result "1-0"]
[ECO "B31"]
[WhiteElo "1639"]
[BlackElo "1446"]
[Annotator "NA RC"]
[PlyCount "103"]
[EventDate "2018.11.04"]
[EventType "swiss"]
[EventCountry "ESP"]
[SourceTitle "playchess.com"]
[Source "ChessBase"]
[SourceQuality "1"]
[TimeControl "40/5400+30:1800+30"]

1. e4 c5 2. Nf3 Nc6 3. Bb5 g6 4. O-O Bg7 5. c3 Nf6 6. Qe2 O-O 7. d4 cxd4 8. cxd4 d5 9. e5 Ne4 10. Nc3 Nxc3 11. bxc3 Bf5 12. Ba3 Na5 13. Nd2 Rc8 14. Rac1 a6 15. Bd3 Bxd3 16. Qxd3 b5 17. Bc5 Bxe5 18. a4 Bf4 19. Rb1 Bxd2 20. Qxd2 Nc4 21. Qe2 bxa4 22. Rb7 Re8 23. Qg4 Rc7 24. Rb4 a3 25. Ra4 a5 26. Bxa3 f5 27. Qd1 Rb7 28. Bc1 Qd7 29. Ra1 Qc7 30. Qf3 Rb5 31. Bf4 Qb7 32. Qe2 e6 33. h4 Rb2 34. Qd3 Qb5 35. Rfe1 a4 36. Qd1 a3 37. Bc1 Rb3 38. Qc2 Kf7 39. Bg5 Rb8 40. Qe2 Rb6 41. h5 Rb2 42. Qf3 a2 43. hxg6+ Kxg6 44. Bc1 Rb1 45. Rxa2 Rb7 46. Rxe6+ Kg7 47. Re1 Kf6 48. Rae2 Rb6 49. Qh5 Rxc1 50. Qh6+ Kf7 51. Re7+ Kg8 52. Qg7# 1-0

[Event "FIDE WCCC G10 2018"]
[Site "Santiago de Compostela"]
[Date "2018.11.13"]
[Round "9"]
[White "Anupam M Sreekumar"]
[Black "Wen, Kally"]
[Result "0-1"]
[ECO "C45"]
[WhiteElo "1615"]
[BlackElo "1195"]
[Annotator "NA RC"]
[PlyCount "114"]
[EventDate "2018.11.04"]
[EventType "swiss"]
[EventCountry "ESP"]
[SourceTitle "playchess.com"]
[Source "ChessBase"]
[SourceQuality "1"]
[TimeControl "40/5400+30:1800+30"]

1. e4 e5 2. Nf3 Nc6 3. d4 exd4 4. Nxd4 Bc5 5. Be3 Qf6 6. c3 Nge7 7. Bc4 Ne5 8. Be2 d6 9. O-O Qg6 10. Kh1 Qxe4 11. Nd2 Qg6 12. Nb5 O-O 13. Nxc7 Rb8 14. Nb3 Bxe3 15. fxe3 Nf5 16. Nd5 Kh8 17. e4 Nh4 18. Nf4 Qxe4 19. Nd2 Qc6 20. Qe1 Nhg6 21. Nxg6+ Nxg6 22. Bh5 Ne5 23. Ne4 f6 24. Qh4 d5 25. Ng5 h6 26. Nf3 Nxf3 27. Rxf3 Be6 28. Bg6 Bf7 29. Bd3 Rbe8 30. Raf1 Bg8 31. Qf4 Bh7 32. Bxh7 Kxh7 33. Qf5+ Kg8 34. Qg6 f5 35. Qh5 Qe6 36. h3 Qe2 37. Qg6 Re6 38. Qg3 Ref6 39. Qc7 Qxb2 40. Qd7 Qxa2 41. Qxb7 R6f7 42. Qc6 a5 43. Qc5 a4 44. Rf4 Ra8 45. Kh2 Qb3 46. Qc6 Qb7 47. Qe6 Qd7 48. Qe5 a3 49. Rd1 a2 50. c4 Qc7 51. Qd4 g5 52. g3 gxf4 53. gxf4 a1=Q 54. Rxa1 Rxa1 55. Qxa1 Qxf4+ 56. Kh1 Qf3+ 57. Kh2 Rg7 0-1

[Event "FIDE WCCC G10 2018"]
[Site "Santiago de Compostela"]
[Date "2018.11.13"]
[Round "9"]
[White "Szczotka, Klara"]
[Black "Elangovan, Ramya"]
[Result "1-0"]
[ECO "B44"]
[WhiteElo "1581"]
[BlackElo "1352"]
[Annotator "NA RC"]
[PlyCount "155"]
[EventDate "2018.11.04"]
[EventType "swiss"]
[EventCountry "ESP"]
[SourceTitle "playchess.com"]
[Source "ChessBase"]
[SourceQuality "1"]
[TimeControl "40/5400+30:1800+30"]

1. e4 c5 2. Nf3 e6 3. d4 cxd4 4. Nxd4 Nc6 5. Nb5 d6 6. c4 a6 7. N5c3 Nf6 8. Na3 Be7 9. Nc2 Qc7 10. Be3 Ne5 11. Qe2 b6 12. f4 Ned7 13. Bd2 Bb7 14. g3 Rc8 15. Rc1 Nc5 16. Bg2 Ncd7 17. b3 h6 18. O-O O-O 19. h3 Rcd8 20. Kh2 Nc5 21. Rcd1 Rd7 22. b4 Ncxe4 23. Nxe4 Nxe4 24. Bxe4 Bxe4 25. Qxe4 d5 26. cxd5 Rxd5 27. Ne3 Rd7 28. Qf3 Rfd8 29. Qe2 Rd3 30. Bc1 Rxd1 31. Rxd1 Rxd1 32. Qxd1 Bxb4 33. Bb2 Bc5 34. Ng4 b5 35. Qd3 Bb4 36. h4 Qc5 37. a3 Ba5 38. Qd4 Qxd4 39. Bxd4 b4 40. axb4 Bxb4 41. Kg2 f6 42. Kf3 Kf7 43. Nf2 Ke7 44. Nd3 a5 45. Nxb4 axb4 46. Bc5+ Kd7 47. Bxb4 e5 48. fxe5 fxe5 49. Bf8 g5 50. h5 Ke6 51. Ke4 Kf6 52. Bxh6 g4 53. Bd2 Ke6 54. h6 Kf6 55. Kd5 e4 56. Kxe4 Kg6 57. Ke5 Kh7 58. Kf5 Kh8 59. Bc3+ Kh7 60. Kg5 Kg8 61. Kg6 Kf8 62. h7 Ke7 63. h8=Q Ke6 64. Qe8+ Kd6 65. Qe5+ Kd7 66. Kf7 Kc6 67. Qd4 Kc7 68. Qd5 Kb6 69. Qc4 Kb7 70. Qc5 Ka6 71. Bd4 Kb7 72. Ke7 Kb8 73. Ba1 Kb7 74. Kd7 Ka8 75. Qb5 Ka7 76. Bd4+ Ka8 77. Qa6+ Kb8 78. Qa7# 1-0

[Event "FIDE WCCC G10 2018"]
[Site "Santiago de Compostela"]
[Date "2018.11.13"]
[Round "9"]
[White "Chen, Yining"]
[Black "Vu, My Linh"]
[Result "1-0"]
[ECO "E80"]
[WhiteElo "1457"]
[BlackElo "1349"]
[Annotator "NA RC"]
[PlyCount "119"]
[EventDate "2018.11.04"]
[EventType "swiss"]
[EventCountry "ESP"]
[SourceTitle "playchess.com"]
[Source "ChessBase"]
[SourceQuality "1"]
[TimeControl "40/5400+30:1800+30"]

1. d4 Nf6 2. c4 g6 3. Nc3 Bg7 4. e4 d6 5. f3 a6 6. Be3 Nc6 7. Nge2 Bd7 8. Qd2 Rb8 9. O-O-O b5 10. Nd5 b4 11. Bh6 Bf8 12. h4 e6 13. Nxf6+ Qxf6 14. Bg5 Qg7 15. e5 Be7 16. exd6 cxd6 17. d5 Na5 18. Bxe7 Kxe7 19. dxe6 Nxc4 20. Qg5+ f6 21. Qf4 g5 22. hxg5 fxg5 23. Qd4 Qxd4 24. Nxd4 Bb5 25. Bxc4 Bxc4 26. Nc6+ Kxe6 27. Nxb8 Rxb8 28. b3 Bb5 29. Rh6+ Ke5 30. Rhxd6 Rc8+ 31. Kb2 Kf4 32. R6d4+ Kg3 33. Rg4+ Kf2 34. Rxg5 Rc3 35. Rc1 Re3 36. Rc2+ Ke1 37. f4 Bd3 38. Re5 Re4 39. Rxe4+ Bxe4 40. Rc5 Kd2 41. f5 Kd3 42. f6 Bg6 43. Rc7 Ke4 44. f7 Bxf7 45. Rxf7 h5 46. Rh7 Kf4 47. Rxh5 Kg4 48. Ra5 Kg3 49. Rxa6 Kxg2 50. Rf6 Kg3 51. a4 bxa3+ 52. Kxa3 Kg4 53. b4 Kg5 54. Rf1 Kg6 55. b5 Kg7 56. b6 Kg8 57. b7 Kg7 58. b8=Q Kg6 59. Qg3+ Kh6 60. Rh1# 1-0

[Event "FIDE WCCC G10 2018"]
[Site "Santiago de Compostela"]
[Date "2018.11.13"]
[Round "9"]
[White "Yildiz, Elif Zeren"]
[Black "Shvedova, Alexandra"]
[Result "0-1"]
[ECO "C50"]
[WhiteElo "1448"]
[BlackElo "1782"]
[Annotator "NA RC"]
[PlyCount "62"]
[EventDate "2018.11.04"]
[EventType "swiss"]
[EventCountry "ESP"]
[SourceTitle "playchess.com"]
[Source "ChessBase"]
[SourceQuality "1"]
[TimeControl "40/5400+30:1800+30"]

1. e4 e5 2. Nf3 Nc6 3. Bc4 Bc5 4. O-O Nf6 5. d4 Bxd4 6. Nxd4 Nxd4 7. f4 d6 8. fxe5 dxe5 9. Bg5 Qe7 10. Na3 Be6 11. c3 Bxc4 12. Nxc4 Ne6 13. Bxf6 Qc5+ 14. Kh1 Qxc4 15. Bxe5 Qxe4 16. Bxc7 O-O 17. Re1 Qc6 18. Bg3 Rad8 19. Qe2 Nc5 20. Rad1 Ne4 21. Rxd8 Nxg3+ 22. hxg3 Rxd8 23. Qe7 Rf8 24. Rd1 Re8 25. Rd8 Qh6+ 26. Kg1 Qb6+ 27. Kh2 Rxd8 28. Qe2 Qe6 29. Qc2 Qh6+ 30. Kg1 Qe3+ 31. Kh2 Rd6 0-1

[Event "FIDE WCCC G10 2018"]
[Site "Santiago de Compostela"]
[Date "2018.11.13"]
[Round "9"]
[White "Stoll, Lucia"]
[Black "Khamdamova, Afruza"]
[Result "0-1"]
[ECO "C42"]
[WhiteElo "1369"]
[BlackElo "1691"]
[Annotator "NA RC"]
[PlyCount "122"]
[EventDate "2018.11.04"]
[EventType "swiss"]
[EventCountry "ESP"]
[SourceTitle "playchess.com"]
[Source "ChessBase"]
[SourceQuality "1"]
[TimeControl "40/5400+30:1800+30"]

1. e4 e5 2. Nf3 Nf6 3. Nxe5 d6 4. Nf3 Nxe4 5. Nc3 Nxc3 6. dxc3 d5 7. Bf4 Nc6 8. Qd2 Qe7+ 9. Be2 Be6 10. a3 O-O-O 11. O-O-O h6 12. Rhe1 g5 13. Bg3 Bg7 14. Bb5 Na5 15. Qe3 c5 16. Ne5 a6 17. Bf1 Rhe8 18. h4 Bf5 19. Qf3 Be4 20. Qg4+ f5 21. Qh5 Bxe5 22. Bxe5 Qxe5 23. f3 Qf4+ 24. Kb1 Qxh4 25. Qxh4 gxh4 26. fxe4 fxe4 27. Be2 Rg8 28. Rg1 Rg5 29. Rd2 h3 30. g3 h2 31. Rh1 Rxg3 32. Rxh2 Rd6 33. Rd1 d4 34. Rh4 d3 35. Rxe4 dxe2 36. Rxd6 Rg1+ 37. Ka2 e1=Q 38. Rxe1 Rxe1 39. Rxh6 Rc1 40. Rh2 c4 41. a4 Nc6 42. Rh4 b5 43. axb5 axb5 44. Rh5 Na7 45. Rc5+ Kb7 46. Rh5 Rxc2 47. Kb1 Re2 48. Rh7+ Kb6 49. Rh6+ Ka5 50. Rh7 Nc6 51. Rh8 Ne5 52. Re8 Re1+ 53. Kc2 Nd3 54. Rd8 Re2+ 55. Kb1 Rxb2+ 56. Ka1 Rb3 57. Ka2 Rxc3 58. Kb1 b4 59. Rb8 b3 60. Ra8+ Kb6 61. Ra3 Rc1# 0-1

[Event "FIDE WCCC G10 2018"]
[Site "Santiago de Compostela"]
[Date "2018.11.13"]
[Round "9"]
[White "Qu, Greta"]
[Black "Da Cunha, Gabriela Goes"]
[Result "1-0"]
[ECO "B12"]
[WhiteElo "1360"]
[BlackElo "1464"]
[Annotator "NA RC"]
[PlyCount "139"]
[EventDate "2018.11.04"]
[EventType "swiss"]
[EventCountry "ESP"]
[SourceTitle "playchess.com"]
[Source "ChessBase"]
[SourceQuality "1"]
[TimeControl "40/5400+30:1800+30"]

1. e4 c6 2. d4 d5 3. e5 Bf5 4. h4 h5 5. Bd3 Bxd3 6. Qxd3 e6 7. Bg5 Qa5+ 8. Nc3 Qa6 9. Qd2 Ne7 10. Bxe7 Bxe7 11. f4 g6 12. Nf3 c5 13. dxc5 Bxc5 14. Ng5 Bb4 15. a3 Nc6 16. O-O-O Bxc3 17. Qxc3 Qa5 18. Qxa5 Nxa5 19. Nf3 Nc4 20. Nd4 a6 21. Rhe1 Ke7 22. a4 Nb6 23. b3 Rac8 24. Kb2 Nd7 25. Nf3 Rc7 26. Ng5 Rhc8 27. Re2 Rc3 28. Nf3 R3c7 29. Ng5 Ra8 30. Ra1 Kf8 31. Nf3 Kg7 32. Ng5 Rac8 33. Rae1 Nb8 34. Rd2 Nc6 35. Ree2 Ne7 36. Nf3 Nf5 37. Re1 Ng3 38. Ng5 Rc3 39. Kb1 Nf5 40. Nf3 Ne7 41. Kb2 Kg8 42. Ree2 Nf5 43. Re1 R3c7 44. Kb1 Ne7 45. Nd4 Nc6 46. Nxc6 Rxc6 47. Re3 Rc3 48. Rxc3 Rxc3 49. Rd3 Rxd3 50. cxd3 a5 51. Kc2 Kf8 52. Kc3 Ke7 53. b4 Kd7 54. bxa5 Kc7 55. Kb4 Kc6 56. d4 Kd7 57. Kb5 Kc7 58. Kc5 Kd7 59. Kb6 Kc8 60. a6 bxa6 61. Kxa6 Kc7 62. Kb5 Kb7 63. a5 Kc7 64. a6 Kb8 65. Kb6 g5 66. fxg5 Ka8 67. a7 f6 68. g6 f5 69. g7 f4 70. g8=R# 1-0

[Event "FIDE WCCC G10 2018"]
[Site "Santiago de Compostela"]
[Date "2018.11.13"]
[Round "9"]
[White "Chekhani, Anna"]
[Black "Nguyen, Ha Khanh Linh"]
[Result "0-1"]
[ECO "A01"]
[WhiteElo "1288"]
[BlackElo "1449"]
[Annotator "NA RC"]
[PlyCount "156"]
[EventDate "2018.11.04"]
[EventType "swiss"]
[EventCountry "ESP"]
[SourceTitle "playchess.com"]
[Source "ChessBase"]
[SourceQuality "1"]
[TimeControl "40/5400+30:1800+30"]

1. b3 Nf6 2. Bb2 e6 3. Nf3 b6 4. e3 Bb7 5. Be2 Be7 6. O-O O-O 7. c4 d5 8. d4 Ne4 9. Nbd2 f5 10. Ne5 Nd7 11. Nxd7 Qxd7 12. Nf3 Bd6 13. Ne5 Qe7 14. Rc1 a5 15. Qc2 c6 16. f3 Nf6 17. c5 bxc5 18. dxc5 Bc7 19. a3 Nd7 20. Nxd7 Qxd7 21. b4 Ba6 22. Bxa6 Rxa6 23. Qd3 Raa8 24. f4 Rab8 25. Bc3 Rfe8 26. Rf3 Re7 27. Re1 Ra8 28. Rb1 axb4 29. axb4 Ra3 30. Qd2 e5 31. Qb2 Ra8 32. fxe5 Rae8 33. Qc2 Bxe5 34. Rb3 g6 35. Bxe5 Rxe5 36. Qd2 Re4 37. Kf2 Qe7 38. Rd3 Qh4+ 39. Kg1 Rxb4 40. g3 Qe4 41. Kf2 Rb5 42. Rc3 Reb8 43. Rc2 Qxc2 44. Qxc2 Rb2 45. Qe2 Rxe2+ 46. Kxe2 Rb5 47. Kd3 Rxc5 48. Kd4 Rc2 49. h4 Kf7 50. Ke5 Ke7 51. h5 Rc4 52. hxg6 hxg6 53. Rf4 Re4+ 54. Rxe4 dxe4 55. Kd4 Kd6 56. Kc4 c5 57. Kc3 Kd5 58. Kb3 c4+ 59. Kc3 Kc5 60. Kc2 Kb4 61. Kb2 c3+ 62. Kc2 Kc4 63. Kc1 Kd3 64. Kd1 Kxe3 65. Kc2 Kf2 66. Kxc3 e3 67. Kd3 e2 68. Kd4 e1=Q 69. Kd5 Qe4+ 70. Kd6 Kxg3 71. Kc5 f4 72. Kd6 f3 73. Kc5 f2 74. Kd6 f1=Q 75. Kc5 Qfc4+ 76. Kd6 Qcd5+ 77. Kc7 Qc6+ 78. Kb8 Qb7# 0-1

[Event "FIDE WCCC G10 2018"]
[Site "Santiago de Compostela"]
[Date "2018.11.13"]
[Round "9"]
[White "Ho, Ngoc Vy"]
[Black "Braeutigam, Katerina"]
[Result "1-0"]
[ECO "A40"]
[WhiteElo "1275"]
[BlackElo "1647"]
[Annotator "NA RC"]
[PlyCount "133"]
[EventDate "2018.11.04"]
[EventType "swiss"]
[EventCountry "ESP"]
[SourceTitle "playchess.com"]
[Source "ChessBase"]
[SourceQuality "1"]
[TimeControl "40/5400+30:1800+30"]

1. d4 e6 2. c4 b6 3. Nf3 Bb7 4. Nc3 f5 5. e3 Nf6 6. Be2 g6 7. O-O Bg7 8. Ne5 O-O 9. Bf3 Qc8 10. d5 Na6 11. dxe6 dxe6 12. Nc6 Kh8 13. Nb5 Qe8 14. Nbd4 e5 15. Nxe5 Ne4 16. Nd3 Rd8 17. Nf4 Rd6 18. Qc2 Nb4 19. Qb3 a5 20. a3 Nc5 21. Qc3 Nc6 22. b4 Nxd4 23. exd4 Bxd4 24. Qc2 Bxf3 25. bxc5 Be4 26. Qb3 Bxc5 27. Bb2+ Bd4 28. Bxd4+ Rxd4 29. Qc3 Qe5 30. Ne2 c5 31. Nxd4 cxd4 32. Qb2 Qf6 33. Rfd1 Rd8 34. f3 Bb7 35. Rd2 Ba6 36. Rad1 Bxc4 37. Rxd4 Rd6 38. Qc3 Bg8 39. Qa1 Rxd4 40. Qxd4 Qxd4+ 41. Rxd4 b5 42. Kf2 Kg7 43. Ke3 Kf6 44. h4 Ke5 45. Rd8 Bc4 46. f4+ Kf6 47. Kd4 Ke7 48. Ra8 a4 49. Ra7+ Kd6 50. Rxh7 Ke6 51. Rh6 Kf6 52. h5 Bf7 53. hxg6 Bxg6 54. Kc5 Kg7 55. Rxg6+ Kxg6 56. Kxb5 Kh5 57. Kxa4 Kg4 58. Kb5 Kxf4 59. a4 Kg3 60. a5 f4 61. a6 Kxg2 62. a7 f3 63. a8=Q Kf2 64. Kc4 Ke2 65. Qa2+ Kf1 66. Qb1+ Kg2 67. Kd3 1-0

[Event "FIDE WCCC G10 2018"]
[Site "Santiago de Compostela"]
[Date "2018.11.13"]
[Round "9"]
[White "Kulish, Glafira"]
[Black "Petrosyan, Ani"]
[Result "1-0"]
[ECO "A11"]
[WhiteElo "1153"]
[BlackElo "1442"]
[Annotator "NA RC"]
[PlyCount "79"]
[EventDate "2018.11.04"]
[EventType "swiss"]
[EventCountry "ESP"]
[SourceTitle "playchess.com"]
[Source "ChessBase"]
[SourceQuality "1"]
[TimeControl "40/5400+30:1800+30"]

1. c4 c6 2. Nc3 d5 3. cxd5 cxd5 4. d4 Nf6 5. Bf4 Bd7 6. e3 e6 7. Bd3 Nc6 8. a3 a6 9. Nf3 Be7 10. O-O O-O 11. Ne5 Rc8 12. Qf3 Re8 13. Qh3 Bf8 14. Bg5 h6 15. Bxf6 gxf6 16. Ng4 Bg7 17. Nxh6+ Kf8 18. f4 f5 19. g4 fxg4 20. Nxg4 Ke7 21. f5 Rh8 22. f6+ Bxf6 23. Qf3 Bg5 24. Qxf7+ Kd6 25. e4 Nxd4 26. exd5 Kc7 27. dxe6 Nxe6 28. Rae1 Rf8 29. Qh7 Kb8 30. Qe4 Bd2 31. Qe5+ Ka8 32. Rd1 Bf4 33. Qe4 Nc5 34. Qg2 Bxg4 35. Qxg4 Be3+ 36. Kh1 Nxd3 37. Qe2 Nf2+ 38. Rxf2 Qb6 39. Rxf8 Rxf8 40. Nd5 1-0

[Event "FIDE WCCC G10 2018"]
[Site "Santiago de Compostela"]
[Date "2018.11.14"]
[Round "10"]
[White "Edithso, Samantha"]
[Black "Velea, Sophie"]
[Result "1-0"]
[ECO "C50"]
[WhiteElo "1879"]
[BlackElo "1593"]
[Annotator "NA RC"]
[PlyCount "171"]
[EventDate "2018.11.04"]
[EventType "swiss"]
[EventCountry "ESP"]
[SourceTitle "playchess.com"]
[Source "ChessBase"]
[SourceQuality "1"]
[TimeControl "40/5400+30:1800+30"]

1. e4 e5 2. Nf3 Nc6 3. Bc4 Nf6 4. d3 Bc5 5. O-O O-O 6. Bg5 h6 7. Bh4 d6 8. h3 Na5 9. Bb3 Nxb3 10. axb3 a6 {[%emt 0:00:48] C50: Hungarian Defence and Giuoco Pianissimo} (10... c6 11. Nc3 Bb6 12. Qd2 Qe7 13. Rfe1 Qe6 14. d4 Nh5 15. Ne2 Re8 16. Kh1 g5 17. Bg3 Qf6 18. Qd3 {0-1 (65) Joo,G (2107)-Zupe,M (2379) Hungary 2000}) 11. Qd2 $146 ({Predecessor:} 11. Nc3 c6 12. Ne2 g5 13. Bg3 Be6 14. d4 exd4 15. Nexd4 Nxe4 16. Nxe6 fxe6 17. Bh2 Qf6 18. c3 {0-1 (27) Caloone,T (1599)-Azzouz,B (1841) La Fere 2010}) 11... Bd7 (11... Kh7 $11) 12. Nc3 c6 13. Ne2 Qe7 14. Ng3 Qe6 15. Nf5 Nh5 (15... Bb6 $11 {remains equal.}) 16. c3 (16. g4 $16 Nf4 17. Bg3) 16... Bb6 17. Rae1 ({Much weaker is} 17. Be7 Rfe8 $17) 17... Bd8 18. Bxd8 Raxd8 19. d4 Qf6 20. Ng3 Nf4 21. Nh2 Be6 22. Re3 Qe7 (22... Bxb3 $17 23. Ra1 Bc4) 23. c4 c5 24. d5 Bd7 25. Rf3 f5 26. exf5 Bxf5 27. Kh1 Bd7 28. Re1 Ng6 29. Re4 Rf7 30. Qe3 (30. Rxf7 $11 Qxf7 31. Re3) 30... Rdf8 31. Rxf7 Rxf7 32. Qd2 Qf8 33. f3 Ne7 34. Kg1 Bf5 35. Re1 Bg6 36. b4 Qc8 37. b3 Qc7 38. Ng4 Nf5 39. Nxf5 Bxf5 40. Nf2 Bg6 41. Qc3 Rf8 (41... Rf4 $11) 42. bxc5 Qxc5 43. b4 Qc7 44. Rc1 Bf7 (44... Rf4 $11 {remains equal.}) 45. Qe3 ({Günstiger ist} 45. Ne4 $16) 45... Rc8 46. Nd3 a5 47. c5 axb4 48. cxd6 Qd8 49. Rxc8 Qxc8 50. Qxe5 b3 51. Kh2 b6 $1 $11 {[%emt 0:01:26] and Black has nothing to worry.} 52. Nb4 $2 (52. Nf4 $18 Qd7 53. Ne6) 52... Qd7 53. Nd3 ({Günstiger ist} 53. Kg3 $16) 53... Qb5 $2 54. Qe7 Be8 55. Nb2 (55. Ne5 $18 Qa4 56. Qe6+ Kh8 57. Kg3) 55... Bd7 56. f4 Qb4 57. Qe5 Qb5 58. Qe7 Qb4 59. Nd3 Qa4 $1 60. Qd8+ Kh7 61. Qxb6 Bf5 ({Better is} 61... Qc4 $11 62. Qe3 Qxd5) 62. Qe3 Qc4 63. Nb2 ({White should try} 63. Ne5 $14 Qc2 64. d7 Bxd7 65. Nxd7) 63... Qxd5 ({Black should play} 63... Qc2 $1 $15 64. Na4 b2) 64. Qe5 Qxe5 65. fxe5 Kg6 66. g4 (66. Kg3 $16) 66... Bd7 67. Kg3 Kf7 68. Kf4 g5+ 69. Ke3 Ke6 $2 (69... Bc6 $11) 70. Kd4 Bc6 71. Nd3 Bg2 72. Nc5+ Kf7 73. e6+ Ke8 74. Nxb3 Bxh3 75. Nc5 Bg2 76. Ke5 Bc6 77. Kf6 Kd8 78. Kf7 Be8+ 79. Kf8 Bc6 80. e7+ Kc8 81. e8=Q+ Bxe8 82. Kxe8 h5 83. d7+ Kb8 84. d8=Q+ Ka7 85. Qc7+ Ka8 86. Qb7# 1-0

[Event "FIDE WCCC G10 2018"]
[Site "Santiago de Compostela"]
[Date "2018.11.14"]
[Round "10"]
[White "Zhapova, Yana"]
[Black "Zakirova, Aisha"]
[Result "1/2-1/2"]
[ECO "B40"]
[WhiteElo "1821"]
[BlackElo "1678"]
[Annotator "NA RC"]
[PlyCount "140"]
[EventDate "2018.11.04"]
[EventType "swiss"]
[EventCountry "ESP"]
[SourceTitle "playchess.com"]
[Source "ChessBase"]
[SourceQuality "1"]
[TimeControl "40/5400+30:1800+30"]

1. e4 c5 2. Nf3 e6 3. d4 cxd4 4. Nxd4 Nf6 5. Nc3 Nc6 6. Nxc6 bxc6 7. Be2 Bb4 8. Qd3 h6 $146 {[%emt 0:16:02] B45: Sicilian Four Knights} (8... d5 $11) ({Predecessor:} 8... O-O 9. Bg5 h6 10. Bh4 e5 11. O-O Re8 12. Rfd1 g5 13. Bg3 Qe7 14. h4 Bxc3 15. bxc3 d5 16. exd5 Nxd5 17. hxg5 hxg5 {0-1 (56) Krajnc,L (2508)-Chiru,I (2548) ICCF email 2008}) 9. O-O (9. a3 $16 Ba5 10. e5) 9... O-O {[%emt 0:00:48] [#]} (9... Qc7 $11) 10. e5 $1 Nd5 11. Qg3 Kh8 12. Ne4 f5 13. exf6 Nxf6 14. Nxf6 Qxf6 15. Be3 e5 ({Don't go for} 15... Qxb2 $2 16. Rab1 $18) 16. f4 e4 17. c3 Ba5 18. Kh1 Bb6 19. Bxb6 axb6 20. Qe3 d5 21. Qxb6 Bf5 22. Qe3 Rfb8 23. g4 Bh7 24. g5 Qd6 25. b4 Ra3 26. Qd4 Bf5 27. Rg1 Rb7 28. gxh6 Qxh6 29. Rg5 Qe6 $1 30. Rag1 Raa7 (30... e3 $11 31. Bd3 (31. Rxg7 Qe4+ 32. Bf3 Qxf3+ 33. R7g2+ Kh7 $11) 31... Be4+ 32. Bxe4 Qxe4+ 33. Qxe4 dxe4) 31. h4 ({White should try} 31. a4 $16) 31... e3 32. Kh2 Qe4 33. Qxe4 Bxe4 34. R5g3 Rxa2 35. Rxe3 Rba7 36. Kg3 R7a3 (36... Rc2 $11) 37. Rc1 ({Better is} 37. Kg4 $16) 37... Kg8 {[%emt 0:00:25] [#]} (37... Rb2 $11) 38. Rxe4 $1 dxe4 39. Bc4+ Kf8 40. Bxa2 Rxa2 41. Re1 Rc2 42. Re3 Kf7 43. Kg4 Kf6 44. Rxe4 Rxc3 45. f5 Rc2 46. Re6+ Kf7 47. Kf4 Rh2 48. Kg3 Rc2 49. Kf3 Rc4 50. Re4 Rc3+ 51. Kf4 Kf6 52. Re6+ Kf7 53. h5 Rh3 54. Rxc6 Rh4+ 55. Kg5 Rxb4 56. Rc7+ Kg8 57. h6 gxh6+ 58. Kxh6 Rg4 59. f6 Kf8 60. Re7 Rg1 61. Kh7 Rh1+ 62. Kg6 Rg1+ 63. Kf5 Rf1+ 64. Ke6 Re1+ 65. Kd7 Rd1+ 66. Kc7 Rc1+ 67. Kd8 Rd1+ 68. Rd7 $11 Rxd7+ 69. Kxd7 Kf7 70. Kd6 Kxf6 {[%emt 0:00:07] Ke5+} 1/2-1/2

[Event "FIDE WCCC G10 2018"]
[Site "Santiago de Compostela"]
[Date "2018.11.14"]
[Round "10"]
[White "Shvedova, Alexandra"]
[Black "Zhou, Yafei"]
[Result "1-0"]
[ECO "C07"]
[WhiteElo "1782"]
[BlackElo "1648"]
[Annotator "NA RC"]
[PlyCount "161"]
[EventDate "2018.11.04"]
[EventType "swiss"]
[EventCountry "ESP"]
[SourceTitle "playchess.com"]
[Source "ChessBase"]
[SourceQuality "1"]
[TimeControl "40/5400+30:1800+30"]

1. e4 e6 2. d4 d5 3. Nd2 c5 4. exd5 Qxd5 5. Ngf3 cxd4 6. Bc4 Qd8 7. O-O Nc6 8. Nb3 a6 9. Nbxd4 Nxd4 10. Nxd4 Qc7 11. Bb3 Bd6 12. Re1 Nf6 13. Kh1 O-O 14. Bg5 Be5 15. c3 h6 16. Bh4 b5 17. Nf3 Bf4 18. Qe2 Bb7 19. Nd4 Ne4 20. Bc2 Ng5 21. Qd3 Qc4 22. Qd1 Qd5 23. f3 Rfe8 24. Qe2 Nh7 25. Be4 Qd7 26. Rad1 Bxe4 27. fxe4 Qc7 28. Qf2 Nf8 29. Ne2 Be5 30. Qf3 Ng6 31. Bf2 Rad8 32. Bd4 Rd7 33. Rc1 Red8 34. Qe3 Qb7 35. a3 Qb8 36. h3 Bc7 37. Qf2 Ne5 38. Qg3 Ng6 39. Qf2 e5 40. Be3 Rd6 41. Ng3 Bb6 42. Nf5 Bxe3 43. Qxe3 Rd3 44. Qf2 Qb7 45. Rc2 Rd1 46. Kh2 Qd7 47. g3 Rxe1 48. Qxe1 Qd3 49. Qe2 Qxe2+ 50. Rxe2 f6 51. Kg2 Kf7 52. Ne3 Ne7 53. Kf2 Ke6 54. Rc2 Rd7 55. Ke2 Nc8 56. b3 g6 57. g4 Nb6 58. Rc1 Kd6 59. h4 Kc6 60. Rf1 Rf7 61. g5 hxg5 62. hxg5 Nd7 63. Ng4 f5 64. Nh6 Rg7 65. exf5 gxf5 66. Rxf5 Kd6 67. b4 Ke6 68. Kd3 Rg6 69. Ke4 Rg7 70. Ng4 Re7 71. Nf6 Rf7 72. Nxd7 Rxd7 73. Rxe5+ Kf7 74. Rf5+ Kg6 75. Rf6+ Kxg5 76. Rxa6 Rc7 77. Kd4 Rc4+ 78. Kd3 Kf5 79. Ra5 Rc7 80. Rxb5+ Ke6 81. c4 {[%emt 0:00:07] Kd5 Ke4+} 1-0

[Event "FIDE WCCC G10 2018"]
[Site "Santiago de Compostela"]
[Date "2018.11.14"]
[Round "10"]
[White "Khamdamova, Afruza"]
[Black "Kirtadze, Anastasia"]
[Result "0-1"]
[ECO "C10"]
[WhiteElo "1691"]
[BlackElo "1373"]
[Annotator "NA RC"]
[PlyCount "68"]
[EventDate "2018.11.04"]
[EventType "swiss"]
[EventCountry "ESP"]
[SourceTitle "playchess.com"]
[Source "ChessBase"]
[SourceQuality "1"]
[TimeControl "40/5400+30:1800+30"]

1. e4 e6 2. d4 d5 3. Nc3 dxe4 4. Nxe4 Nd7 5. Nf3 Be7 6. Bd3 Ngf6 7. O-O O-O 8. Bf4 b6 9. c4 Bb7 10. Nc3 Nh5 11. Bd2 g6 12. Bh6 Ng7 13. d5 exd5 14. Nxd5 Bxd5 15. cxd5 Nf6 16. Bb5 Qd6 17. Bc6 Rad8 18. Qa4 Nxd5 19. Rfd1 Qb4 20. Qxa7 Qxb2 21. Bxd5 Rxd5 22. Qxc7 Bc5 23. Be3 Bxe3 24. fxe3 Rc5 25. Qb7 b5 26. Nd4 Qc3 27. Nxb5 Qxe3+ 28. Kh1 Nf5 29. h3 Ng3+ 30. Kh2 Qe5 31. a4 Ne4+ 32. Kg1 Rc2 33. Ra3 Re8 34. Qd5 Qb2 0-1